[Event "Early-Titled-Tuesday-Blitz-May-07-2024"]
[Site "Chess.com"]
[Date "2024.05.07"]
[Round "3"]
[White "savitha1030"]
[Black "RasSanti"]
[Result "1-0"]
[WhiteElo "2476"]
[BlackElo "2258"]
[TimeControl "180+1"]
[EndTime "8:30:35 PDT"]
[Termination "savitha1030 won by resignation"]

1. Nf3 c5 2. g3 Nc6 3. Bg2 e5 4. O-O g6 5. e4 Bg7 6. c3 Nge7 7. Na3 O-O 8. Nb5 d5 9. exd5 Nxd5 10. Re1 a6 11. Na3 Be6 12. d3 Rc8 13. Nc4 f6 14. Be3 b5 15. Bxc5 bxc4 16. Bxf8 Bxf8 17. dxc4 Nb6 18. b3 Qc7 19. Nd2 Rd8 20. Qe2 a5 21. Ne4 Be7 22. Rad1 Re8 23. Qf3 f5 24. Nd6 Bxd6 25.
Qxc6 Qxc6 26. Bxc6 Rd8 27. c5 Bc7 28. cxb6 Bxb6 29. Rxd8+ Bxd8 30. Rd1 Be7 31. Bd5 Kf7 32. Bxe6+ Kxe6 33. c4 g5 34. Rd5 Bb4 35. Kf1 f4 36. Ke2 g4 37. f3 h5 38. gxf4 exf4 39. Rxh5 g3 40. hxg3 fxg3 41. Rg5 Bd6 42. c5 Bc7 43.
Kf1 Kf6 44. Rg4 Kf5 45. Kg2 Ke6 46. Rxg3 Bxg3 47. Kxg3 Kd5 48. f4 Kxc5 49. f5 Kd5 50. Kf4 1-0

[Event "Early-Titled-Tuesday-Blitz-May-07-2024"]
[Site "Chess.com"]
[Date "2024.05.07"]
[Round "3"]
[White "ilushka"]
[Black "1800_strength"]
[Result "0-1"]
[WhiteElo "2524"]
[BlackElo "2808"]
[TimeControl "180+1"]
[EndTime "8:30:36 PDT"]
[Termination "1800_strength won by checkmate"]

1. Nf3 a5 2. e4 Ra6 3. Bxa6 Nxa6 4. d4 b6 5. O-O Bb7 6. Re1 g6 7. c4 Bg7 8. Nc3 e6 9. a3 Ne7 10. d5 O-O 11. Qc2 h6 12. Be3 d6 13. dxe6 fxe6 14. Rad1 Qe8 15. Nd2 g5 16. f3 Ng6 17. Nf1 Ne5 18. Nb5 Qg6 19. h3 Rf7 20. Nd2 Nc5 21.
Nb3 Nxb3 22. Qxb3 Nxf3+ 23. gxf3 Rxf3 24. Qc2 Bxe4 25. Qh2 Be5 26. Qe2 Rxh3 27. Bd4 Rh1+ 28. Kf2 Qf5+ 29. Ke3 Qf4# 0-1

[Event "Early-Titled-Tuesday-Blitz-May-07-2024"]
[Site "Chess.com"]
[Date "2024.05.07"]
[Round "3"]
[White "Oneofmyturns"]
[Black "Polish_fighter3000"]
[Result "0-1"]
[WhiteElo "2808"]
[BlackElo "3100"]
[TimeControl "180+1"]
[EndTime "8:30:37 PDT"]
[Termination "Polish_fighter3000 won by resignation"]

1. d4 Nf6 2. c4 g6 3. Nc3 d5 4. cxd5 Nxd5 5. e4 Nxc3 6. bxc3 Bg7 7. Be3 c5 8. Rc1 Qa5 9. Qd2 O-O 10. Nf3 cxd4 11.
cxd4 Qxd2+ 12. Bxd2 b6 13. Bd3 e6 14. Ke2 Ba6 15.
Rc7 Bxd3+ 16. Kxd3 Na6 17. Rd7 Rfd8 18. Rxd8+ Rxd8 19.
Ke3 f5 20. Rc1 Bh6+ 21. Ke2 Bxd2 22. Kxd2 fxe4 23. Ng5 Rxd4+ 24. Ke3 Ra4 25. Nxe6 h6 26. h4 Kf7 27. Nf4 Nc5 28. Rc2 Kf6 29. Rd2 g5 30.
hxg5+ hxg5 31. Nh5+ Ke5 32. Ng3 Ne6 33. Ne2 Ra3+ 0-1

[Event "Early-Titled-Tuesday-Blitz-May-07-2024"]
[Site "Chess.com"]
[Date "2024.05.07"]
[Round "3"]
[White "NovakCabarkapa"]
[Black "GMBenjaminBok"]
[Result "0-1"]
[WhiteElo "2750"]
[BlackElo "3049"]
[TimeControl "180+1"]
[EndTime "8:30:38 PDT"]
[Termination "GMBenjaminBok won by resignation"]

1. d4 Nf6 2. Nc3 d5 3. Bf4 c5 4. e3 cxd4 5. exd4 a6 6. Nf3 Nc6 7. Ne5 Bd7 8. Ne2 e6 9. c3 Be7 10. Ng3 Nxe5 11. dxe5 Ne4 12. Nxe4 dxe4 13. Qg4 g6 14. Be2 h5 15. Qg3 Qb6 16. O-O-O O-O-O 17. Qe3 Bc5 18. Qxe4 Bc6 19. Qc2 Bxf2 20. Bf3 Bxf3 21. gxf3 Be3+ 22. Bxe3 Qxe3+ 23. Kb1 Qxe5 24. Ka1 Rxd1+ 25.
Rxd1 Rd8 26. Rxd8+ Kxd8 27. Qd2+ Ke7 28. a3 g5 29. Qg2 Qd5 30. Qe2 f5 31. Qf2 g4 32.
fxg4 hxg4 33. Qh4+ Kd7 34. Qd8+ Kxd8 0-1

[Event "Early-Titled-Tuesday-Blitz-May-07-2024"]
[Site "Chess.com"]
[Date "2024.05.07"]
[Round "3"]
[White "GMSrinath"]
[Black "catalin009"]
[Result "0-1"]
[WhiteElo "2837"]
[BlackElo "2570"]
[TimeControl "180+1"]
[EndTime "8:30:39 PDT"]
[Termination "catalin009 won by resignation"]

1. e4 c5 2. Nf3 e6 3. d4 cxd4 4. Nxd4 Nc6 5. Nc3 Qc7 6. g3 a6 7.
Bg2 Nf6 8. O-O d6 9. Re1 Bd7 10. Nxc6 Bxc6 11. Nd5 Bxd5 12. exd5 e5 13. a4 Ke7 14. b3 g6 15. Rxe5+ dxe5 16. d6+ Qxd6 17. Ba3 Rd8 18. Bxb7 Qxa3 19. Qe1 Qd6 20. f4 Qb6+ 21. Kf1 Nd7 22. Bd5 Bg7 23. Rd1 Rhe8 24. a5 Qc5 25. b4 Qc7 26. c4 Kf8 27. f5 e4 28. fxg6 hxg6 29. b5 axb5 30. cxb5 Nf6 31. b6 Qc5 32. Bb3 Rxd1 33. Bxd1 e3 34. Bf3 Nd5 35. Kg2 e2 36. b7 Bc3 37. Qxe2 Rxe2+ 38. Bxe2 Qc7 39. a6 Bd4 40. h4 Ba7 41. Kh3 Bb8 0-1

[Event "Early-Titled-Tuesday-Blitz-May-07-2024"]
[Site "Chess.com"]
[Date "2024.05.07"]
[Round "3"]
[White "klercaku"]
[Black "PenguinPacks"]
[Result "0-1"]
[WhiteElo "2254"]
[BlackElo "2465"]
[TimeControl "180+1"]
[EndTime "8:30:39 PDT"]
[Termination "PenguinPacks won by checkmate"]

1. e4 c5 2. Nf3 d6 3. d4 cxd4 4.
Nxd4 Nf6 5. Nc3 a6 6. Be2 e5 7. Nb3 Be7 8. Be3 O-O 9. O-O Be6 10.
h3 Nbd7 11. Qd2 b5 12. Bf3 Rc8 13. Kh2 Nb6 14. Bxb6 Qxb6 15. g3 Rc7 16. Bg2 Rfc8 17.
Rac1 a5 18. f4 b4 19. Nd5 Bxd5 20. exd5 exf4 21. Rxf4 Nd7 22. Re4 Bf6 23. Nd4 Ne5 24. Nf3 Nxf3+ 25. Bxf3 Bxb2 26. Rce1 Be5 27. Qg5 Rxc2+ 28.
Bg2 Qf2 29. Rg1 h6 30. Qg4 R8c3 31. Rxe5 dxe5 32. d6 Rd2 33. d7 Rcd3 34. d8=Q+ Rxd8 35. Qe4 Re2 36. Qb7 e4 37. Qc7 Rdd2 38. Qe5 Qf3 39.
Qe8+ Kh7 40. Qe5 Rxg2+ 41. Rxg2 Qxg2# 0-1

[Event "Early-Titled-Tuesday-Blitz-May-07-2024"]
[Site "Chess.com"]
[Date "2024.05.07"]
[Round "3"]
[White "ChelsieMonica"]
[Black "legendisback1"]
[Result "0-1"]
[WhiteElo "2541"]
[BlackElo "2977"]
[TimeControl "180+1"]
[EndTime "8:30:40 PDT"]
[Termination "legendisback1 won by checkmate"]

1. e4 c6 2. d4 d5 3. Nc3 dxe4 4. Nxe4 Bf5 5. Ng3 Bg6 6. h4 h6 7. Nf3 Nd7 8. h5 Bh7 9. Bd3 Bxd3 10. Qxd3 Ngf6 11. Bd2 e6 12. O-O-O Be7 13. Ne4 O-O 14.
g4 Nxg4 15. Rdg1 f5 16. Nc3 Nxf2 17. Qe2 Nxh1 18. Qxe6+ Rf7 19. Bxh6 Bf6 20. Bxg7 Bxg7 21. h6 Qf6 22. Rxg7+ Kf8 23. Rxf7+ Qxf7 24. Qd6+ Qe7 25. Qf4 Qf6 26. Ne5 Nxe5 27. dxe5 Qg6 28. Ne2 Qg4 29. Qe3 Rd8 30. e6 Qh4 31. Nf4 Ke8 32. Nd3 Ng3 33.
Qe5 Qh1+ 34. Ne1 Qxh6+ 35. Kb1 Rd1# 0-1

[Event "Early-Titled-Tuesday-Blitz-May-07-2024"]
[Site "Chess.com"]
[Date "2024.05.07"]
[Round "3"]
[White "Payyappat"]
[Black "BashirovKemal"]
[Result "0-1"]
[WhiteElo "2501"]
[BlackElo "2688"]
[TimeControl "180+1"]
[EndTime "8:30:40 PDT"]
[Termination "BashirovKemal won by checkmate"]

1. e4 c5 2. Nf3 d6 3. d4 cxd4 4. Nxd4 Nf6 5. Nc3 a6 6. h4 e5 7. Nb3 Nc6 8. f4 Be7 9. f5 O-O 10. g4 d5 11. g5 Nxe4 12. Nxe4 dxe4 13. Qg4 Nd4 14. Nxd4 Qxd4 15. c3 Qa4 16. Bg2 Rd8 17. O-O g6 18. Qxe4 Qxe4 19. Bxe4 gxf5 20. Bxf5 Bxf5 21.
Rxf5 Rd1+ 22. Rf1 Bc5+ 23. Kg2 Rad8 24. b4 Bb6 25. Rxd1 Rxd1 26. Kf3 Re1 27. Bb2 Re3+ 28. Kg4 Re4+ 29. Kf5 Rxh4 30. Kxe5 Bc7+ 31. Kf6 Rh2 32. Rb1 Rf2+ 33. Ke7 Rd2 34. c4 Bd8+ 35. Ke8 Bxg5 36.
Rg1 Rd8# 0-1

[Event "Early-Titled-Tuesday-Blitz-May-07-2024"]
[Site "Chess.com"]
[Date "2024.05.07"]
[Round "3"]
[White "Bilan_Danila"]
[Black "th3d4rkness"]
[Result "1-0"]
[WhiteElo "2554"]
[BlackElo "2206"]
[TimeControl "180+1"]
[EndTime "8:30:42 PDT"]
[Termination "Bilan_Danila won by resignation"]

1. d4 Nf6 2. Nf3 d5 3. c4 e6 4. Nc3 c6 5. Bg5 dxc4 6. e4 b5 7. e5 h6 8. Bh4 g5 9. Nxg5 hxg5 10. Bxg5 Nbd7 11. exf6 Qb6 12. g3 Bb7 13. Bg2 O-O-O 14.
O-O Bh6 15. Ne4 Ne5 16. dxe5 Rxd1 17. Raxd1 Bxg5 18. Nxg5 Rd8 19. Nxf7 Rd3 20. Nd6+ Kb8 21. Rxd3 cxd3 22. Rd1 c5 23. Nxb7 c4 24. f7 1-0

[Event "Early-Titled-Tuesday-Blitz-May-07-2024"]
[Site "Chess.com"]
[Date "2024.05.07"]
[Round "3"]
[White "luggevoila"]
[Black "bilelou"]
[Result "0-1"]
[WhiteElo "2311"]
[BlackElo "2635"]
[TimeControl "180+1"]
[EndTime "8:30:43 PDT"]
[Termination "bilelou won by resignation"]

1. e4 g6 2. d4 Bg7 3. Nc3 c6 4. Be3 d5 5. e5 f6 6. h4 h5 7. Bd3 Bf5 8. Bxf5 gxf5 9. e6 Qd6 10.
Qf3 Qxe6 11. O-O-O Nh6 12. Nh3 Ng4 13. Nf4 Qf7 14. Rhe1 Nd7 15. Bd2 e5 16. Qd3 O-O-O 17. Nh3 f4 18. f3 Nh6 19. g3 fxg3 20. f4 e4 21. Qxg3 Nf5 22. Qf2 Bh6 23. Rf1 Rhg8 24. Ng5 Qe7 25. Nh3 e3 0-1

[Event "Early-Titled-Tuesday-Blitz-May-07-2024"]
[Site "Chess.com"]
[Date "2024.05.07"]
[Round "3"]
[White "Eliwood44"]
[Black "Sanyura"]
[Result "0-1"]
[WhiteElo "2452"]
[BlackElo "2623"]
[TimeControl "180+1"]
[EndTime "8:30:44 PDT"]
[Termination "Sanyura won by checkmate"]

1. d4 Nf6 2. c4 e6 3. Nf3 d5 4. Nc3 c5 5. cxd5 exd5 6. e3 Nc6 7.
Bb5 Bd6 8. a3 O-O 9. dxc5 Bxc5 10. b4 Bb6 11. Bb2 d4 12. exd4 Nxd4 13. Nxd4 Bxd4 14.
O-O Bg4 15. Be2 Bxe2 16. Qxe2 Rc8 17. Nb5 Re8 18. Qd2 Bxb2 19. Qxb2 Qd3 20. a4 a6 21.
Rfd1 Qg6 22. Nd6 Rc2 23. Qb1 Ree2 24. Nxb7 h5 25. Rf1 Ng4 26. b5 Ne3 27. g3 Qe4 28. f3 Rg2+ 29. Kh1 Rxh2+ 30. Kg1 Rcg2# 0-1

[Event "Early-Titled-Tuesday-Blitz-May-07-2024"]
[Site "Chess.com"]
[Date "2024.05.07"]
[Round "3"]
[White "rookpower2004"]
[Black "AnnaChessLook"]
[Result "0-1"]
[WhiteElo "2555"]
[BlackElo "2314"]
[TimeControl "180+1"]
[EndTime "8:30:44 PDT"]
[Termination "AnnaChessLook won on time"]

1. e4 c5 2. Nf3 Nc6 3. d4 cxd4 4. Nxd4 g6 5. f4 Bg7 6. Nf3 d6 7. Bd3 Nf6 8. c3 O-O 9. O-O Bg4 10. Kh1 Qb6 11. Qe1 Rac8 12. Na3 a6 13. Nc4 Qc7 14.
e5 dxe5 15. Ncxe5 Bxf3 16. Nxf3 Rcd8 17. Bc2 e6 18. Qh4 Ne7 19. Ne5 Nf5 20. Qh3 h5 21.
Bxf5 exf5 22. Be3 Nd5 23. Rae1 Rfe8 24. Bd4 Nxf4 25. Rxf4 Bxe5 26. Bxe5 Rxe5 27. Ref1 Red5 28. Qh4 Rd1 29. Rxf5 gxf5 30. Qg5+ Kf8 31. Qh6+ Ke8 32. Qh8+ Ke7 0-1

[Event "Early-Titled-Tuesday-Blitz-May-07-2024"]
[Site "Chess.com"]
[Date "2024.05.07"]
[Round "3"]
[White "balack95"]
[Black "Goryachkina"]
[Result "0-1"]
[WhiteElo "2502"]
[BlackElo "2690"]
[TimeControl "180+1"]
[EndTime "8:30:46 PDT"]
[Termination "Goryachkina won by resignation"]

1. d4 Nf6 2. c4 e6 3. Nc3 Bb4 4.
f3 c5 5. d5 O-O 6. e4 d6 7.
Ne2 b5 8. Nf4 exd5 9. cxd5 c4 10. Be3 Nbd7 11. Be2 Re8 12. O-O a6 13. a4 Rb8 14.
axb5 axb5 15. Kh1 Bc5 16. Qd2 Bxe3 17. Qxe3 Nc5 18. b4 cxb3 19. Bxb5 Bd7 20. Bc4 Rb4 21. Qe2 Qb6 22. Bd3 Rc8 23. Nd1 g5 24. Nh3 Bxh3 25.
gxh3 Nxd3 26. Qxd3 Nh5 27. Ra6 Qb5 28. Nb2 Nf4 29. Qxb5 Rxb5 30. Rg1 Nxh3 31. Rxd6 Nxg1 32. Kxg1 Rc1+ 0-1

[Event "Early-Titled-Tuesday-Blitz-May-07-2024"]
[Site "Chess.com"]
[Date "2024.05.07"]
[Round "3"]
[White "IndianSchoolOfSuffering"]
[Black "Chess23Wizzard"]
[Result "1-0"]
[WhiteElo "2406"]
[BlackElo "2676"]
[TimeControl "180+1"]
[EndTime "8:30:48 PDT"]
[Termination "IndianSchoolOfSuffering won by resignation"]

1. e4 c6 2. d4 d5 3. e5 Bf5 4. Nf3 e6 5. Be2 Nd7 6. O-O h6 7. c3 Ne7 8. Na3 Bg6 9. Nc2 Nf5 10. Ne3 Be7 11. Nxf5 Bxf5 12. Bd3 Bxd3 13. Qxd3 c5 14. Be3 O-O 15. g3 Rc8 16. h4 Qb6 17. Qd2 cxd4 18.
cxd4 Bb4 19. Qe2 Rc6 20. Rac1 Rfc8 21. Rxc6 Rxc6 22. Nh2 Be7 23. Ng4 Kf8 24. Qf3 Qxb2 25. h5 Ke8 26. Bxh6 gxh6 27. Nxh6 f5 28. exf6 Nxf6 29. Ng4 Qxd4 30. Nxf6+ Qxf6 31. Qb3 Rc3 32. Qxb7 Qd4 33. Qb8+ Kf7 34. h6 Rxg3+ 35. Qxg3 1-0

[Event "Early-Titled-Tuesday-Blitz-May-07-2024"]
[Site "Chess.com"]
[Date "2024.05.07"]
[Round "3"]
[White "Chessbard1972"]
[Black "TrompeterImEther"]
[Result "0-1"]
[WhiteElo "2348"]
[BlackElo "2576"]
[TimeControl "180+1"]
[EndTime "8:30:48 PDT"]
[Termination "TrompeterImEther won by resignation"]

1. e4 c5 2. Nc3 a6 3. a4 e6 4. f4 Nc6 5. Nf3 Qc7 6. g3 d6 7.
Bg2 Nf6 8. d3 Be7 9. O-O O-O 10.
g4 Nxg4 11. Qe1 Nd4 12. Qd1 Nf6 13. Kh1 Bd7 14. Ne2 Nxe2 15. Qxe2 b5 16. a5 Bc6 17. Be3 c4 18. Nd4 Bb7 19. Rg1 Kh8 20. Bf3 Rac8 21.
Qg2 Rg8 22. Qh3 Bf8 23. Rg3 g6 24. Qh4 Bg7 25. Rh3 Qd8 26. e5 Bxf3+ 27. Nxf3 Nh5 28.
Ng5 Rf8 29. Bb6 Qe7 30. Qg4 h6 31. exd6 Qxd6 32. Ne4 Qd5 33. Kg1 cxd3 34. cxd3 Rc2 35. Re1 Rxb2 36. Qf3 Qf5 37. Ng3 Qxh3 0-1

[Event "Early-Titled-Tuesday-Blitz-May-07-2024"]
[Site "Chess.com"]
[Date "2024.05.07"]
[Round "3"]
[White "kacperkarwowski"]
[Black "lamomiajunior"]
[Result "0-1"]
[WhiteElo "2526"]
[BlackElo "2821"]
[TimeControl "180+1"]
[EndTime "8:30:51 PDT"]
[Termination "lamomiajunior won on time"]

1. d4 Nf6 2. c4 g6 3. Nc3 Bg7 4. e4 O-O 5. Be2 d6 6. Bg5 c5 7. d5 b5 8. cxb5 a6 9. bxa6 Bxa6 10. Nf3 Qb6 11. Qc2 Nbd7 12. O-O Rfb8 13. Rab1 h6 14. Bf4 Ng4 15. h3 Nge5 16. Nxe5 Nxe5 17. Be3 Bxe2 18. Qxe2 Qa6 19. Qxa6 Rxa6 20. b3 Nd3 21. Na4 c4 22. Rfd1 Nb4 23. Rbc1 Nxa2 24. Rxc4 Rxb3 25. Bd4 Nb4 26.
Bxg7 Kxg7 27. Nc3 Raa3 28. Nb5 Ra2 29. Nd4 Rbb2 30. Nc2 Nxc2 0-1

[Event "Early-Titled-Tuesday-Blitz-May-07-2024"]
[Site "Chess.com"]
[Date "2024.05.07"]
[Round "3"]
[White "Aslanov_Umid"]
[Black "jup1978"]
[Result "1-0"]
[WhiteElo "2655"]
[BlackElo "2483"]
[TimeControl "180+1"]
[EndTime "8:30:52 PDT"]
[Termination "Aslanov_Umid won by resignation"]

1. e4 d5 2. exd5 Qxd5 3. Nc3 Qd8 4. d4 Nf6 5. h3 g6 6. Nf3 Bg7 7. Be2 O-O 8. O-O a6 9. Bf4 b5 10. a3 Bb7 11. Qd2 Nbd7 12. Rad1 c5 13. dxc5 Nxc5 14. Qe3 Qc8 15. Qxe7 Re8 16. Qc7 Nfe4 17. Nxe4 Nxe4 18. Rd7 Qxc7 19. Rxc7 Bc8 20. c4 g5 21. Be3 bxc4 22. Bxc4 Nd6 23. Bd5 Rb8 24. Nxg5 Be6 25. Nxe6 fxe6 26.
Bf3 Rxb2 27. Rd1 Nf5 28. Bf4 Nd4 29. Rxg7+ Kxg7 30. Be5+ Kg6 31. Rxd4 Rb1+ 32. Kh2 Rc8 33. Be4+ Kh6 34. Bxb1 1-0

[Event "Early-Titled-Tuesday-Blitz-May-07-2024"]
[Site "Chess.com"]
[Date "2024.05.07"]
[Round "3"]
[White "Manukyan_Artak"]
[Black "pirulillo"]
[Result "0-1"]
[WhiteElo "2530"]
[BlackElo "2380"]
[TimeControl "180+1"]
[EndTime "8:30:53 PDT"]
[Termination "pirulillo won by checkmate"]

1. e4 c5 2. Nf3 e6 3. c3 Nf6 4.
e5 Nd5 5. d4 d6 6. Bd3 Bd7 7.
O-O Bc6 8. Bg5 Be7 9. Bxe7 Qxe7 10. Nbd2 cxd4 11. cxd4 O-O 12. Ne4 dxe5 13. dxe5 h6 14. Rc1 Nf4 15. Bb1 Nd7 16. Qc2 g6 17. g3 Nh3+ 18.
Kg2 Ng5 19. Nfxg5 hxg5 20. f3 Nxe5 21. Qd2 Bxe4 22. Bxe4 Rfd8 23. Qe3 Qb4 24. Qxg5 Rd2+ 25. Kh1 Qxb2 26. Qh6 Rad8 27. Rc5 Rd1 28. Kg1 Rxf1+ 29. Kxf1 Rd1# 0-1

[Event "Early-Titled-Tuesday-Blitz-May-07-2024"]
[Site "Chess.com"]
[Date "2024.05.07"]
[Round "3"]
[White "ImportedItalianMaple"]
[Black "tetrix83"]
[Result "0-1"]
[WhiteElo "2491"]
[BlackElo "2666"]
[TimeControl "180+1"]
[EndTime "8:30:54 PDT"]
[Termination "tetrix83 won by checkmate"]

1. e4 c5 2. Nf3 d6 3. Bb5+ Bd7 4. Bxd7+ Nxd7 5. O-O Ngf6 6. Qe2 e6 7. d4 cxd4 8.
Nxd4 a6 9. c4 Qc7 10. b3 Be7 11.
Bb2 O-O 12. Nc3 Rfe8 13. Rad1 Bf8 14. Kh1 d5 15. cxd5 exd5 16. Nf5 dxe4 17. Nd5 Qc6 18. Nde3 Qe6 19. Nd4 Qe5 20. Ndf5 Qf4 21. Rd2 Ne5 22. Bxe5 Qxe5 23. Rfd1 g6 24. Nd6 Bxd6 25. Nc4 Qxh2# 0-1

[Event "Early-Titled-Tuesday-Blitz-May-07-2024"]
[Site "Chess.com"]
[Date "2024.05.07"]
[Round "3"]
[White "Ruchess27"]
[Black "Yan_Dyomin2010"]
[Result "1-0"]
[WhiteElo "2475"]
[BlackElo "2601"]
[TimeControl "180+1"]
[EndTime "8:30:55 PDT"]
[Termination "Ruchess27 won by resignation"]

1. d4 Nf6 2. Nf3 g6 3. g3 Bg7 4. Bg2 O-O 5. O-O d6 6. c4 Nc6 7. d5 Na5 8. Nfd2 c5 9. Nc3 a6 10.
Qc2 Rb8 11. Rb1 Qc7 12. b3 b5 13. Bb2 bxc4 14. bxc4 Bd7 15. h3 Rb4 16. a3 Rb7 17. Ba1 Rfb8 18. e4 e6 19. Kh2 exd5 20. cxd5 Rxb1 21.
Rxb1 Rxb1 22. Qxb1 Be8 23. f4 Nd7 24. Ne2 Bxa1 25. Qxa1 Nb6 26. Qc3 Na4 27. Qf6 c4 28.
Nc3 Nc5 29. e5 Nd7 30. Qe7 Qb8 31. e6 fxe6 32. dxe6 1-0

[Event "Early-Titled-Tuesday-Blitz-May-07-2024"]
[Site "Chess.com"]
[Date "2024.05.07"]
[Round "3"]
[White "ScofieldMichael01"]
[Black "DarZay"]
[Result "1-0"]
[WhiteElo "2572"]
[BlackElo "2330"]
[TimeControl "180+1"]
[EndTime "8:30:55 PDT"]
[Termination "ScofieldMichael01 won by resignation"]

1. Nf3 Nf6 2. g3 d5 3. Bg2 e6 4. O-O Be7 5. c4 c5 6. b3 dxc4 7. bxc4 Nc6 8. Bb2 O-O 9. d3 Qc7 10. Nbd2 e5 11. Rb1 Nd4 12. e3 Nxf3+ 13. Nxf3 Bg4 14.
h3 Bxf3 15. Qxf3 b6 16. Qf5 Rad8 17. Bxe5 Qd7 18. Qxd7 Rxd7 19. Rfd1 Rfd8 20. d4 Rc8 21. d5 Ne8 22. h4 f5 23. Bh3 g6 24. e4 Nd6 25.
exf5 Nxf5 26. Re1 Kf7 27. Bc3 Rd6 28. Bxf5 gxf5 29. Re5 Rf6 30. Rbe1 Bd6 31. Re6 Rxe6 32. Rxe6 Rd8 33. Rf6+ Ke7 34. Rxf5 Rg8 35. Rh5 Rg4 36. Rxh7+ Ke8 37. Rxa7 Rxc4 38. Bf6 Rc1+ 39. Kg2 c4 40. h5 c3 41. h6 c2 42. h7 Rg1+ 43. Kxg1 c1=Q+ 44. Kg2 Bf8 45. h8=Q Qd1 46. Ra8+ Kd7 47. Rd8+ Kc7 48. Qxf8 Kb7 49. Qe7+ Ka6 50. Ra8+ Kb5 51. a4+ Kc4 52. Qe4+ Kb3 53. Qf3+ Qxf3+ 54. Kxf3 1-0

[Event "Early-Titled-Tuesday-Blitz-May-07-2024"]
[Site "Chess.com"]
[Date "2024.05.07"]
[Round "3"]
[White "super_emi_26"]
[Black "Ruslan_Kurayan"]
[Result "1-0"]
[WhiteElo "2889"]
[BlackElo "2634"]
[TimeControl "180+1"]
[EndTime "8:30:56 PDT"]
[Termination "super_emi_26 won on time"]

1. c4 Nf6 2. Nc3 g6 3. g3 Bg7 4. Bg2 O-O 5. e4 d6 6. Nge2 c5 7. d3 Nc6 8. O-O Bg4 9. f3 Bd7 10. f4 a6 11. b3 b5 12. Bb2 b4 13. Na4 Qc7 14. Qd2 Bg4 15. e5 Nd7 16. Rae1 Rad8 17. d4 Bxe2 18. Rxe2 cxd4 19. e6 Nc5 20. exf7+ Kh8 21. Nxc5 dxc5 22. Bd5 Na5 23. Rfe1 Bf6 24. a3 Nxb3 25. Qd1 Na5 26. axb4 cxb4 27. Bxd4 Nxc4 28. Rxe7 1-0

[Event "Early-Titled-Tuesday-Blitz-May-07-2024"]
[Site "Chess.com"]
[Date "2024.05.07"]
[Round "3"]
[White "PhileKhoob"]
[Black "2Coaches1Profile"]
[Result "0-1"]
[WhiteElo "2302"]
[BlackElo "2569"]
[TimeControl "180+1"]
[EndTime "8:30:57 PDT"]
[Termination "2Coaches1Profile won by resignation"]

1. g3 h5 2. Nf3 e6 3. Bg2 g5 4. d3 g4 5. Ne5 Qf6 6. d4 Nc6 7. Bf4 Bd6 8. Nxc6 dxc6 9. Bxd6 cxd6 10. Nc3 h4 11. Qd2 d5 12. e4 h3 13. e5 hxg2 14.
Rg1 Qh6 15. Qe2 Qxh2 16. O-O-O Ne7 17. Qxg4 Bd7 18. Qf3 Nf5 19. Rxg2 Qh5 20. Qxh5 Rxh5 21. g4 Rg5 22. Rh2 Ne7 23. Rg1 O-O-O 24. f4 Rg7 25. Ne2 Rdg8 26. Rhg2 Nf5 27. g5 Rh8 28. c3 Rh3 29. Ng3 Nxg3 30. Rxg3 Rxg3 31. Rxg3 Rh7 32. g6 fxg6 33. Rxg6 Rh1+ 34. Kc2 Rh2+ 35. Kc1 Rf2 36. Rf6 b6 37. Rf8+ Kc7 38. Rf7 c5 39.
a3 a5 40. Kb1 a4 41. Ka2 Kd8 42.
Rf8+ Be8 43. Rf6 Ke7 44. Rh6 0-1

[Event "Early-Titled-Tuesday-Blitz-May-07-2024"]
[Site "Chess.com"]
[Date "2024.05.07"]
[Round "3"]
[White "NikFil2013"]
[Black "kritipatel"]
[Result "1-0"]
[WhiteElo "2395"]
[BlackElo "2168"]
[TimeControl "180+1"]
[EndTime "8:30:57 PDT"]
[Termination "NikFil2013 won on time"]

1. d4 d5 2. c4 e6 3. Nc3 Nf6 4. cxd5 exd5 5. Bg5 Be7 6. e3 O-O 7. Bd3 Nbd7 8. Qc2 c6 9. Nf3 Re8 10. O-O Nf8 11. h3 g6 12. Ne5 Be6 13. Rab1 Rc8 14.
b4 b6 15. b5 c5 16. Nc6 Qc7 17. f4 Kg7 18. f5 gxf5 19. Bxf5 Bd6 20. Bxf6+ Kg8 21.
Bxe6 Rxe6 22. Nxd5 Qd7 23. Qf5 Ng6 24. h4 Bg3 25.
Nde7+ Nxe7 26. Nxe7+ Rxe7 27. Qg5+ 1-0

[Event "Early-Titled-Tuesday-Blitz-May-07-2024"]
[Site "Chess.com"]
[Date "2024.05.07"]
[Round "3"]
[White "FollowRivers"]
[Black "CrushingKings"]
[Result "1-0"]
[WhiteElo "2449"]
[BlackElo "2628"]
[TimeControl "180+1"]
[EndTime "8:31:01 PDT"]
[Termination "FollowRivers won by resignation"]

1. Nf3 g6 2. d4 Bg7 3. b3 d6 4. Bb2 Nd7 5. e3 Ngf6 6. Be2 O-O 7. O-O c5 8. c4 Rb8 9. Nc3 a6 10. a4 Ne8 11. Qd2 Nc7 12. Rfd1 b6 13. d5 Nf6 14.
e4 Bd7 15. h3 b5 16. axb5 axb5 17. Bd3 bxc4 18. bxc4 Bc8 19. Ra2 Na6 20. e5 Nd7 21. exd6 exd6 22. Nb5 Nb4 23. Bxg7 Kxg7 24. Ra7 Qf6 25.
Bf1 Nb6 26. Qg5 Rd8 27. Re1 Rb7 28. Rxb7 Bxb7 29. Re7 Ba6 30. Nc7 Bc8 31. Ne8+ Rxe8 32. Rxe8 Ba6 33. Rd8 Nxc4 34. Rg8+ 1-0

[Event "Early-Titled-Tuesday-Blitz-May-07-2024"]
[Site "Chess.com"]
[Date "2024.05.07"]
[Round "3"]
[White "Dedic8"]
[Black "Noki102"]
[Result "1-0"]
[WhiteElo "2854"]
[BlackElo "2563"]
[TimeControl "180+1"]
[EndTime "8:31:08 PDT"]
[Termination "Dedic8 won by resignation"]

1. e4 e5 2. Nf3 Nc6 3. Bb5 a6 4. Ba4 Nge7 5. Nc3 Ng6 6. d4 exd4 7. Nxd4 b5 8. Nxc6 dxc6 9. Qxd8+ Kxd8 10. Bb3 Be6 11. Bxe6 fxe6 12. Be3 Bd6 13. a4 Ke7 14. f3 Be5 15. g3 Rhd8 16. Ke2 Kf7 17. f4 Bd4 18.
Bxd4 Rxd4 19. Rhd1 e5 20. f5 Ne7 21. axb5 cxb5 22. Rxd4 exd4 23. Nxb5 Rb8 24. Nxc7 Rxb2 25. Kd3 Nc6 26. Nxa6 Kf6 27. Nc5 Rb5 28. Kc4 Rb2 29.
Ra6 Rxc2+ 30. Kd5 1-0

[Event "Early-Titled-Tuesday-Blitz-May-07-2024"]
[Site "Chess.com"]
[Date "2024.05.07"]
[Round "3"]
[White "agvega14"]
[Black "jaramsdal"]
[Result "0-1"]
[WhiteElo "2192"]
[BlackElo "2408"]
[TimeControl "180+1"]
[EndTime "8:31:08 PDT"]
[Termination "jaramsdal won by resignation"]

1. e4 e5 2. Nf3 Nc6 3. d4 exd4 4. Bc4 Nf6 5. e5 Ne4 6. O-O Be7 7. Re1 Nc5 8. Nxd4 Nxd4 9. Qxd4 O-O 10. Nc3 d6 11. Bf4 dxe5 12. Qxd8 Bxd8 13. Bxe5 Be6 14. Bf1 c6 15. Bd6 Bb6 16. Bxf8 Rxf8 17. Rad1 h5 18. b4 Nd7 19. Rxe6 fxe6 20. Rxd7 Rxf2 21. Rxb7 Rxc2+ 22. Rxb6 axb6 23. Na4 Rxa2 24. Nxb6 Rb2 25. Bc4 Kf7 26. Nd7 Rxb4 27. Be2 Ke7 28. Ne5 Kd6 29. Nf7+ Kd5 30. Bxh5 c5 31. Bf3+ Kd4 32. Nd6 c4 33. Kf2 Rb2+ 34. Kg3 c3 35. Ne4 c2 36. Ng5 c1=Q 37.
Nxe6+ Ke5 38. Nxg7 Qf4+ 0-1

[Event "Early-Titled-Tuesday-Blitz-May-07-2024"]
[Site "Chess.com"]
[Date "2024.05.07"]
[Round "3"]
[White "SRob2003"]
[Black "ATM622"]
[Result "0-1"]
[WhiteElo "2647"]
[BlackElo "2503"]
[TimeControl "180+1"]
[EndTime "8:31:09 PDT"]
[Termination "ATM622 won by resignation"]

1. e4 c6 2. Ne2 d5 3. e5 Bf5 4.
Ng3 Bg6 5. h4 h6 6. h5 Bh7 7. e6 fxe6 8. d4 Nd7 9. Bd3 Bxd3 10. Qxd3 Nb6 11. Qg6+ Kd7 12. Nd2 Qe8 13. Nf3 Nf6 14.
Ne5+ Kc8 15. Qd3 Nbd7 16. Bf4 Nxe5 17. Bxe5 Rg8 18. O-O-O g5 19. hxg6 Qxg6 20. Qe2 h5 21. Bxf6 Qxf6 22. Rxh5 Bh6+ 23. Kb1 Bf4 24. Nf1 Rxg2 25.
Qf3 Rg8 26. Qh3 Kc7 27. Re1 Rg6 28. c3 Bd6 29. Re2 Rg1 30. Kc2 Rxf1 31. Rxe6 Qxf2+ 32. Kb3 Rb1 33. Ka4 Qxb2 34. Rxe7+ Bxe7 35. Qg3+ Kb6 0-1